 Dungeon Crawl Stone Soup version 0.29-a0-82-g837932c90e (webtiles) character file.

Game seed: 6173976615958472511

2075 siradein the Cudgeller (level 9, -1/89 HPs)
             Began as a Troll Berserker on Feb 4, 2022.
             Was an Elder of Trog.
             Slain by a steam dragon (10 damage)
             ... on level 7 of the Dungeon.
             The game lasted 00:13:40 (4929 turns).

siradein the Cudgeller (Troll Berserker)            Turns: 4929, Time: 00:13:41

Health: -1/89      AC:  5    Str: 27    XL:     9   Next: 6%
Magic:  8/8        EV: 13    Int:  3    God:    Trog [****..]
Gold:   359        SH:  5    Dex: 19    Spells: 8/8 levels left

rFire   . . .      SeeInvis +   x - +4 mace
rCold   . . .      Faith    .   (no shield)
rNeg    . . .      Spirit   .   b - +0 animal skin
rPois   .          Reflect  +   (helmet restricted)
rElec   .          Harm     .   g - +0 cloak
rCorr   .          Rampage  .   (gloves unavailable)
Will    .....                   (boots unavailable)
Stlth   ++........              n - amulet of reflection
HPRegen 1.04/turn               c - ring of see invisible
MPRegen 0.11/turn               y - +6 ring of dexterity

@: no status effects
A: large, unfitting armour, claws 3, regeneration 1, shaggy fur 1, tough skin 1
a: Renounce Religion, Berserk, Trog's Hand, Brothers in Arms


You were on level 7 of the Dungeon.
You worshipped Trog.
Trog was greatly pleased with you.
You visited 1 branch of the dungeon, and saw 7 of its levels.

You collected 359 gold pieces.

Inventory:

Hand Weapons
 x - a +4 mace (weapon)
Missiles
 t - 7 poisoned darts (quivered)
 v - 5 javelins
Armour
 b - a +0 animal skin (worn)
 g - a +0 cloak (worn)
Jewellery
 c - a ring of see invisible (left claw)
 i - a ring of protection from fire
 n - an amulet of reflection (around neck)
 y - a +6 ring of dexterity (right claw)
 z - a ring of resist corrosion
Wands
 D - a wand of flame (9)
 E - a wand of mindburst (10)
Scrolls
 e - 2 scrolls of vulnerability {unknown}
 f - a scroll of holy word {unknown}
 h - 2 scrolls of enchant armour {unknown}
 j - 2 scrolls of fear {unknown}
 o - a scroll of fog {unknown}
 p - 8 scrolls of teleportation
 r - a scroll of immolation {unknown}
 s - 2 scrolls of silence {unknown}
 w - 2 scrolls of blinking {unknown}
 A - 2 scrolls of identify {unknown}
 B - a scroll of enchant weapon {unknown}
 C - a scroll of summoning {unknown}
Potions
 a - a potion of might {unknown}
 d - 3 potions of magic {unknown}
 k - a potion of curing {unknown}
 l - 2 potions of degeneration {unknown}
 m - 2 potions of mutation {unknown}
 q - a potion of heal wounds {unknown}
 u - a potion of haste {unknown}
 F - a potion of invisibility {unknown}


   Skills:
 + Level 6.2 Fighting
 + Level 6.9 Maces & Flails
 + Level 6.2 Dodging


You had 8 spell levels left.
You didn't know any spells.
Your spell library was empty.

Dungeon Overview and Level Annotations

Branches:
Dungeon (7/15)
 Temple: D:4-7

Altars:
Elyvilon
Makhleb
Ru

Shops:
D:6 *   D:7 :


Innate Abilities, Weirdness & Mutations

You are too large for most types of armour.
You have claws for hands.
Your natural rate of healing is unusually fast.
You are covered in fur. (AC +1)
You have tough skin. (AC +1)


Message History

You block the steam dragon's attack. The steam dragon misses you.
The bullfrog skeleton barely misses you.
The steam dragon bites you!
* * * LOW HITPOINT WARNING * * *
The steam dragon claws you but does no damage.
You sock the steam dragon!
The steam dragon is severely wounded.
The steam dragon bites you but does no damage.
The steam dragon claws you.
* * * LOW HITPOINT WARNING * * *
The bullfrog skeleton is engulfed in a cloud of scalding steam.
The bullfrog skeleton misses you. The steam dragon breathes steam at you.
The ball of steam misses you.
The bullfrog skeleton is engulfed in a cloud of scalding steam.
The bullfrog skeleton barely misses you.
The bullfrog skeleton is engulfed in a cloud of scalding steam.
You hit the bullfrog skeleton.
You destroy the bullfrog skeleton!
Trog accepts your kill. The steam dragon barely misses you.
The steam dragon claws you.
* * * LOW HITPOINT WARNING * * *
You hit the steam dragon.
The steam dragon is severely wounded.
The steam dragon barely misses you. You block the steam dragon's attack.
You closely miss the steam dragon.
The steam dragon is severely wounded.
The steam dragon bites you!
* * * LOW HITPOINT WARNING * * *
The steam dragon claws you.
* * * LOW HITPOINT WARNING * * *
You closely miss the steam dragon.
The steam dragon is severely wounded.
The steam dragon breathes steam at you. The ball of steam misses you.
Unknown command.
You hit the steam dragon.
The steam dragon is almost dead.
The steam dragon bites you!
You die...

#.....#.#.# #.# #
#.#......###....
#.##.#..#.#........
........#.#####.###
#.#.......##.#
...##.#..#.#####
#..............
........D...###
########@#.##
#.#... #.......
#.####### ###


You could see a steam dragon (catching breath).

Vanquished Creatures
  A steam dragon (D:7)
  2 black bears (D:6)
  An orc warrior (D:7)
  2 necrophages
  2 phantoms (D:5)
  3 bullfrogs
  2 scorpions
  A water moccasin zombie (D:6)
  A wyvern skeleton (D:5)
  A water moccasin skeleton (D:6)
  An electric eel (D:7)
  2 hounds (D:6)
  A bullfrog skeleton (D:7)
  2 centaur zombies (D:4)
  A jelly (D:4)
  2 centaur skeletons
  6 scorpion zombies (D:4)
  3 iguanas
  4 orc wizards
  A hound zombie (D:4)
  A hound skeleton (D:4)
  A howler monkey zombie (D:4)
  4 howler monkey skeletons
  13 adders
  2 adder zombies (D:4)
  A worm (D:3)
  3 dart slugs
  18 orcs
  8 bats
  4 endoplasms
  6 giant cockroaches
  6 goblins
  4 hobgoblins
  5 jackals
  3 quokkas
  7 ball pythons
  6 frilled lizards
  7 kobolds
  6 rats
144 creatures vanquished.

Vanquished Creatures (others)
  11 plants
11 creatures vanquished.

Grand Total: 155 creatures vanquished

Notes
Turn   | Place    | Note
-------+----------+-------------------------------------------
     0 | D:1      | siradein the Troll Berserker began the quest for the Orb.
     0 | D:1      | Reached XP level 1. HP: 22/22 MP: 0/0
    63 | D:1      | Reached XP level 2. HP: 29/29 MP: 1/1
   600 | D:1      | Reached XP level 3. HP: 25/36 MP: 2/2
   663 | D:2      | Reached ** piety under Trog
   672 | D:2      | Noticed a necrophage
   685 | D:2      | Killed a necrophage
   686 | D:2      | Reached XP level 4. HP: 24/45 MP: 3/3
   985 | D:2      | Reached XP level 5. HP: 49/53 MP: 4/4
  1941 | D:3      | Found a burning altar of Makhleb.
  2224 | D:3      | Reached *** piety under Trog
  2713 | D:4      | Reached XP level 6. HP: 54/62 MP: 5/5
  2949 | D:4      | Reached XP level 7. HP: 63/70 MP: 6/6
  3142 | D:5      | Entered Level 5 of the Dungeon
  3173 | D:5      | Reached skill level 5 in Maces & Flails
  3516 | D:5      | Reached skill level 5 in Dodging
  3659 | D:5      | Reached **** piety under Trog
  3660 | D:5      | Reached skill level 5 in Fighting
  3764 | D:6      | Reached XP level 8. HP: 80/80 MP: 7/7
  3862 | D:6      | Found a sacrificial altar of Ru.
  3920 | D:6      | Found a white marble altar of Elyvilon.
  3967 | D:6      | Found Tavup's Assorted Antiques.
  4733 | D:7      | Found Miyry's Book Shoppe.
  4827 | D:7      | Reached XP level 9. HP: 74/89 MP: 8/8
  4929 | D:7      | Slain by a steam dragon

Illustrated notes

Levels and vault maps discovered:
D:1:      heliophobic_arrival_henge, layout_basic
D:2:      layout_loops_corners
D:3:      wad_lake_hut, layout_basic, makhleb_altar_promises_db
D:4:      layout_basic, serial_undead, serial_undead_b, serial_undead_e,
          serial_undead_f, serial_undead_e, serial_undead_c, serial_undead_c
D:5:      layout_basic
D:6:      layout_basic, nicolae_elyvilon_temple_path,
          mainiacjoe_overflow_concentric_impassable, serial_shops,
          nicolae_shop_overgrown_old_shop, chequers_serial_rivers_small_a,
          kennysheep_small_square
D:7:      layout_basic, grunt_gozag_statues, minmay_temple_entry_grid,
          nicolae_inconvenience_store

Skill      XL: |  1  2  3  4  5  6  7  8 |
---------------+-------------------------+-----
Maces & Flails | 3 4 5 6 |  6.9
Fighting       | 3 4 5 6 |  6.2
Dodging        | 3 4 5 6 |  6.2

Action                   |  1- 3 |  4- 6 |  7- 9 || total
-------------------------+-------+-------+-------++-------
Melee: Mace              |   110 |   265 |   214 ||   589
       Punch             |     1 |     2 |     6 ||     9
Invok: Berserk           |       |       |     1 ||     1
  Use: Scroll            |       |       |     1 ||     1
 Stab: Sleeping          |     1 |       |     1 ||     2
Armor: Animal skin       |    54 |   116 |    52 ||   222
Dodge: Dodged            |    82 |   146 |   138 ||   366
Block: Other             |       |    66 |    41 ||   107
       Reflection        |       |       |     1 ||     1

Table legend: (Time is in decaauts)
 A = Elapsed time spent in this place.
 B = Non-inter-level travel time spent in this place.
 C = Inter-level travel time spent in this place.
 D = Time resting spent in this place.
 E = Time spent auto-exploring this place.
 F = Levels seen in this place.
 G = Mean time per level.
                   A        B        C        D        E       F      G
               +--------+--------+--------+--------+--------+-----+--------+
         Total |   5068 |   4896 |    172 |     55 |   3514 |   7 |  724.0 |
       Dungeon |   5068 |   4896 |    172 |     55 |   3514 |   7 |  724.0 |
               +--------+--------+--------+--------+--------+-----+--------+

Top non-repeatable levels by time:
     D:3: 1070 daAuts
     D:2: 979 daAuts
     D:6: 950 daAuts
     D:1: 630 daAuts
     D:5: 603 daAuts
     D:4: 573 daAuts
     D:7: 259 daAuts
